 Dungeon Crawl Stone Soup version 0.30.1 (webtiles) character file.

Game seed: 583434117030957044

599 growler the Insei (level 7, 0/52 HPs)
             Began as a Pale Draconian Transmuter on July 13, 2023.
             Slain by Menkaure (4 damage)
             ... on level 4 of the Dungeon.
             The game lasted 00:10:17 (3090 turns).

growler the Insei (Pale Draconian Transmuter)       Turns: 3090, Time: 00:10:18

Health: 0/52       AC:  2    Str: 12    XL:     7   Next: 17%
Magic:  9/11       EV: 19    Int: 15    God:
Gold:   279        SH:  0    Dex: 17    Spells: 6/12 levels left

rFire   . .          .
                       - Unarmed
rCold   . . .        (shield currently unavailable)
rNeg    . . .        (body armour unavailable)
rPois   x            (helmet currently unavailable)
rElec   .            (cloak currently unavailable)
rCorr   .            (gloves currently unavailable)
SInv    .            (boots currently unavailable)
Will    .....        (no amulet)
Stlth   ++           (no ring)
HPRegen 0.28/turn    (no ring)
MPRegen 0.12/turn

%: no passive effects
@: spider-form (expiring)
A: venomous fangs, (breathe steam), AC +6, tiny, unfitting armour,
(cold-blooded), (steam resistance)
a: End Transformation


You were on level 4 of the Dungeon.
You were a venomous arachnid creature.
You visited 1 branch of the dungeon, and saw 4 of its levels.

You collected 279 gold pieces.

Inventory:

Jewellery
 l - an amulet of the acrobat
Scrolls
 b - a scroll of summoning {unknown}
 d - a scroll of magic mapping
 e - a scroll of enchant armour {unknown}
 f - a scroll of teleportation {unknown}
 i - 2 scrolls of identify
 j - a scroll of noise {unknown}
 m - 2 scrolls of fear {unknown}
Potions
 a - a potion of flight
 g - 2 potions of ambrosia
 h - 3 potions of curing
 k - 2 potions of cancellation


   Skills:
 - Level 1.1 Fighting
 - Level 1.7 Dodging
 + Level 6.4 Unarmed Combat
 - Level 3.0 Spellcasting
 - Level 5.0 Transmutations


You had 6 spell levels left.
You knew the following spells:

 Your Spells              Type           Power      Damage    Failure   Level
a - Beastly Appendage     Tmut           34%        N/A       10%         1
b - Wereblood             Tmut           17%        N/A       12%         2
c - Spider Form           Tmut/Pois      9%         N/A       43%         3

Your spell library contained the following spells:

 Spells                   Type           Power      Damage    Failure   Level
 Summon Small Mammal      Summ           8%         N/A       41%         1
 Ignite Poison            Fire/Tmut/Pois 7%         N/A       52%         3
 Call Canine Familiar     Summ           2%         N/A       73%         3
 Gell's Gravitas          Tloc           2%         N/A       73%         3
 Portal Projectile        Hex/Tloc       4%         N/A       73%         3
 Stone Arrow              Conj/Erth      4%         3d7       73%         3
 Teleport Other           Tloc           2%         N/A       73%         3
 Ice Form                 Ice/Tmut       9%         N/A       77%         4
 Leda's Liquefaction      Hex/Erth       1%         N/A       97%         4
 Sticky Flame             Conj/Fire      2%         2d3       97%         4
 Dispersal                Tloc           1%         N/A       100%        6
 Ignition                 Fire           1%         3d3       100%        8
 Lehudib's Crystal Spear  Conj/Erth      1%         10d2      100%        8
 Animate Armour           Summ/Erth      Unusable   N/A       N/A         4

Dungeon Overview and Level Annotations

Branches:
Dungeon (4/15)
 Temple: D:4-7

Altars:

Annotations:
D:4 Menkaure


Innate Abilities, Weirdness & Mutations

You are a venomous arachnid creature.
You have venomous fangs.
You are tiny and dextrous.
Your spellcasting is less reliable in this form.
Your armour is entirely melded.
You are incapable of wielding weapons or throwing items.
((You can breathe blasts of scalding, opaque steam.))
((Your pale cyan-grey scales are hard. (AC +6)))
You cannot fit into any form of body armour.
((You are cold-blooded and may be slowed by cold attacks.))
((You are immune to the effects of steam.))


Message History

Menkaure is lightly damaged.
Menkaure misses you.
You hit Menkaure but do no damage.
Menkaure is lightly damaged.
You hit Menkaure.
Menkaure is lightly damaged.
Menkaure closely misses you.
You barely miss Menkaure.
Menkaure is lightly damaged.
Menkaure gestures wildly while chanting.
Menkaure seems to speed up.
You hit Menkaure.
Menkaure is moderately damaged.
Menkaure hits you!
You hit Menkaure.
Menkaure is moderately damaged.
Menkaure hits you!!
* * * LOW HITPOINT WARNING * * *
You hit Menkaure.
Menkaure is moderately damaged.
Menkaure points at you and mumbles some strange words.
Pain shoots through your body!
* * * LOW HITPOINT WARNING * * *
You feel much better. Menkaure breathes soot at you. Menkaure hits you!
* * * LOW HITPOINT WARNING * * *
Okay, then.
You feel much better.
Your transformation is almost over.
Menkaure misses you. Menkaure hits you!!
You hit Menkaure.
Menkaure is heavily damaged.
Menkaure hits you!!
* * * LOW HITPOINT WARNING * * *
You aren't carrying any items that you can evoke.
You hit Menkaure.
Menkaure is severely damaged.
Menkaure hits you.
You die...

.....###..##.... #..
................ ##..
......... #..... ###...
....8...####....
##.....###......#.......
#.......#...............
#..........##...........
#....M..####...##......
#..s.##.##..#.......
##...†..............
#..................
#.....#............P
#....##............#
##..###..#####......
#### #### ####..# ###


You could see Menkaure (fast).

Vanquished Creatures
  Sigmund (D:2)
  A scorpion (D:4)
  A jelly (D:4)
  2 bullfrog skeletons (D:4)
  Natasha (thrice) (D:2)
  An orc wizard (D:4)
  A hound zombie (D:4)
  Robin (D:4)
  5 adders
  A white imp (D:3)
  3 adder zombies (D:4)
  An adder skeleton (D:4)
  4 dart slugs
  6 orcs
  3 ball pythons
  11 endoplasms
  4 giant cockroaches
  13 goblins
  9 hobgoblins
  4 jackals (D:1)
  5 kobolds
  3 quokkas
  2 bats (D:1)
  3 frilled lizards (D:1)
  5 rats
93 creatures vanquished.

Notes
Turn   | Place    | Note
-------+----------+-------------------------------------------
     0 | D:1      | growler the Draconian Transmuter began the quest for the
                  | Orb.
     0 | D:1      | Reached XP level 1. HP: 16/16 MP: 3/3
   281 | D:1      | Found a faded altar of an unknown god.
   293 | D:1      | Reached XP level 2. HP: 23/23 MP: 5/5
   296 | D:1      | Got Plato's Notes on Generation
   300 | D:1      | Learned a level 2 spell: Wereblood
   453 | D:1      | Reached XP level 3. HP: 28/28 MP: 6/6
   457 | D:1      | Learned a level 3 spell: Spider Form
   869 | D:2      | Noticed Natasha
   883 | D:2      | Killed Natasha
   958 | D:2      | Reached XP level 4. HP: 31/35 MP: 6/8
  1216 | D:2      | Noticed Sigmund
  1228 | D:2      | Killed Sigmund
  1229 | D:2      | Reached skill level 4 in Unarmed Combat
  1229 | D:2      | Reached XP level 5. HP: 19/40 MP: 6/9
  1544 | D:2      | Noticed Natasha
  1553 | D:2      | Killed Natasha
  1554 | D:2      | Reached XP level 6. HP: 32/47 MP: 6/10
  1566 | D:2      | Noticed Natasha
  1622 | D:2      | Killed Natasha
  1903 | D:3      | Reached skill level 5 in Unarmed Combat
  2655 | D:4      | Noticed Robin
  2666 | D:4      | Reached skill level 5 in Transmutations
  2691 | D:4      | Killed Robin
  2887 | D:4      | Your scales start taking on a pale cyan-grey colour.
  2887 | D:4      | Reached XP level 7. HP: 52/52 MP: 9/11
  2887 | D:4      | Gained mutation: You are immune to the effects of steam.
                  | [Pale Draconian growth]
  2891 | D:4      | Reached skill level 6 in Unarmed Combat
  3073 | D:4      | Noticed Menkaure
  3090 | D:4      | Slain by Menkaure

Illustrated notes

Levels and vault maps discovered:
D:1:      reono_arrival_forest_river, layout_basic,
          shapermc_ecumenical_altar_rom_forum, serial_bayou_pond_e,
          chequers_serial_rivers_small_3, minmay_misc_feat_roman, st_stairs_7,
          minmay_tree_intersection
D:2:      layout_basic, uniq_sigmund, uniq_natasha
D:3:      layout_rooms, serial_forest, infiniplex_forest_end_2,
          infiniplex_forest_3_way, infiniplex_forest_corner_1,
          infiniplex_forest_corner_1, infiniplex_forest_lined_4_way,
          infiniplex_forest_lined_2, infiniplex_forest_lined_1,
          infiniplex_forest_lined_corner, infiniplex_forest_clump_large
D:4:      layout_cave_pools, serial_undead, serial_undead_c, serial_undead_f,
          serial_undead_d, serial_undead_e, dk_vineyard_1,
          amcnicky_mini_pool_small, uniq_robin, uniq_menkaure

Skill      XL: |  1  2  3  4  5  6  7 |
---------------+----------------------+-----
Transmutations | 4 5 |  5.0
Unarmed Combat | 4 5 6 |  6.4
Spellcasting   | 3 |  3.0
Fighting       | |  1.1
Dodging        | |  1.7

Action                     |  1- 3 |  4- 6 |  7- 9 || total
---------------------------+-------+-------+-------++-------
  Melee: Unarmed           |   127 |   135 |    36 ||   298
         Tailslap          |    15 |    15 |     3 ||    33
         Headbutt          |     5 |     9 |     2 ||    16
         Punch             |     4 |     1 |     2 ||     7
         Kick              |     9 |    24 |     3 ||    36
   Cast: Beastly Appendage |     8 |    22 |     1 ||    31
         Spider Form       |       |     3 |     1 ||     4
         Wereblood         |       |     2 |       ||     2
Ability: Breathe Steam     |       |       |     1 ||     1
    Use: Scroll            |       |     5 |     1 ||     6
         Potion            |       |     1 |     2 ||     3
   Stab: Sleeping          |     1 |     1 |       ||     2
 Armour: Skin              |    34 |    76 |     8 ||   118
  Dodge: Dodged            |    77 |    91 |    19 ||   187
